 Dungeon Sprint DCSS version 0.26-a0-665-gefeb406119 (webtiles) character file.

Game seed: 12925523628182425187

1278 mhtbhm the Martial Artist (level 8, -5/52 HPs)
             Began as an Octopode Transmuter on Oct 15, 2020.
             Was a Priest of Makhleb.
             Slain by a centaur warrior (10 damage)
             ... in the Dungeon (Sprint IX: "|||||||||||||||||||||||||||||").
             The game lasted 00:01:16 (441 turns).

mhtbhm the Martial Artist (Octopode Transmuter)      Turns: 441, Time: 00:01:16

Health: -5/52      AC:  1    Str: 14    XL:     8   Next: 54%
Magic:  9/19       EV: 16    Int: 19    God:    Makhleb [***...]
Gold:   0          SH:  0    Dex: 12    Spells: 11/21 levels left

rFire    . . .     SeeInvis .     - Unarmed
rCold    . . .     Faith    .   (no shield)
rNeg     . . .     Spirit   .   (helmet restricted)
rPois    .         Reflect  .   (no amulet)
rElec    .         Harm     .   k - +3 ring of strength
rCorr    .         Rampage  .   l - +3 ring of intelligence
MR       .....     NoTele   +   (no ring)
Stlth    ++++......             (no ring)
HPRegen  0.17/turn              (no ring)
MPRegen  0.16/turn              (no ring)
                                (no ring)
                                (no ring)

@: wereblooded (expiring), very slightly contaminated, invisible (expiring)
A: almost no armour, stealthy swim, amphibious, 8 rings, constrict 8, camouflage
1, gelatinous body 1
a: Minor Destruction, Lesser Servant of Makhleb, Renounce Religion


You were in the Dungeon.
You worshipped Makhleb.
Makhleb was most pleased with you.
You visited 1 branch

Inventory:

Jewellery
 k - a +3 ring of strength (left tentacle)
 l - a +3 ring of intelligence (right tentacle)
Wands
 j - a wand of iceblast (10)
Scrolls
 g - 2 scrolls of blinking
 h - 3 scrolls of remove curse
 i - 2 scrolls of amnesia
Potions
 b - 4 potions of curing
 c - a potion of heal wounds
 d - a potion of haste
 e - 4 potions of magic
 f - a potion of berserk rage


   Skills:
 + Level 3.2 Fighting
 + Level 6.6 Dodging
 + Level 6.0 Stealth
 + Level 12.2 Unarmed Combat
 + Level 7.3 Spellcasting
 + Level 8.0 Transmutations
 + Level 2.2 Poison Magic


You had 11 spell levels left.
You knew the following spells:

 Your Spells              Type           Power        Failure   Level
a - Beastly Appendage     Tmut           #####.       1%          1
b - Wereblood             Tmut           #####...     1%          2
c - Spider Form           Tmut/Pois      ####......   3%          3
d - Ice Form              Ice/Tmut       ###.....     19%         4

Your spell library contained the following spells:

 Spells                   Type           Power        Failure   Level
 Blade Hands              Tmut           #####.....   10%         5


Dungeon Overview and Level Annotations

Branches:
Dungeon (1/1)

Altars:
Cheibriados
Dithmenos
Elyvilon
Fedhas
Gozag
Hepliaklqana
Kikubaaqudgha
Makhleb
Nemelex Xobeh
Okawaru
Qazlal
Ru
Sif Muna
Trog
Uskayaw
Vehumet
Wu Jian
Xom
Yredelemnul
Zin
The Shining One
Beogh
Jiyva
Lugonu


Innate Abilities, Weirdness & Mutations

You cannot wear most types of armour.
You are very stealthy in the water. (Stealth+)
You are amphibious.
You can wear up to eight rings at the same time.
You can use your tentacles to constrict eight enemies at once.
Your skin changes colour to match your surroundings (Stealth+).
Your rubbery body absorbs attacks. (AC +1, EV +1)


Message History

Your transformation has ended.
The centaur warrior shoots an arrow.
The arrow misses you.
The centaur warrior unwields a +0 shortbow.
The centaur warrior hits you!
* * * LOW HITPOINT WARNING * * *
Items here: ( ))) [[ †.
You bludgeon the centaur warrior!
The centaur warrior is moderately wounded.
Your primal bloodlust is almost over.
The centaur warrior barely misses you.
You batter the centaur warrior!! You squeeze the centaur warrior.
The centaur warrior is severely wounded.
You howl as the wereblood boils in your veins!
You flicker for a moment.
The centaur warrior misses you.
You barely miss the centaur warrior. You tentacle-slap the centaur warrior.
You squeeze the centaur warrior!
The centaur warrior is almost dead.
The centaur warrior hits you!
You die... ▓▓▓▓▓▓▓▓▓▓▓▓▓▓▓▓▓▓▓▓▓▓▓ +....c@'....(.'..[[[.). ▓▓▓▓▓▓▓▓▓▓▓▓▓▓▓▓▓▓▓▓▓▓▓

You could see a centaur warrior.

Vanquished Creatures
  A centaur warrior (D)
  An ugly thing (D)
  A water moccasin (D)
  A bullfrog (D)
  2 wights (D)
  A howler monkey (D)
  2 hounds (D)
  An adder (D)
  An adder skeleton (D)
  A bat skeleton (D)
  A bat zombie (D)
  A goblin (D)
  3 hobgoblins (D)
  A quokka (D)
  A ball python zombie (D)
  A jackal zombie (D)
  A rat (D)
21 creatures vanquished.

Notes
Turn   | Place    | Note
-------+----------+-------------------------------------------
     0 | D        | mhtbhm the Octopode Transmuter began the quest for the Orb.
     0 | D        | Reached XP level 1. HP: 13/13 MP: 3/3
    34 | D        | Banished a spatial maelstrom
   179 | D        | Noticed a hound
   184 | D        | Killed a hound
   184 | D        | Reached skill level 5 in Unarmed Combat
   184 | D        | Reached XP level 2. HP: 18/18 MP: 3/6
   184 | D        | Reached XP level 3. HP: 23/23 MP: 3/7
   198 | D        | Learned a level 2 spell: Wereblood
   202 | D        | Learned a level 3 spell: Spider Form
   204 | D        | Found a roughly hewn altar of Beogh.
   204 | D        | Found a snail-covered altar of Cheibriados.
   204 | D        | Found a shadowy altar of Dithmenos.
   204 | D        | Found a white marble altar of Elyvilon.
   204 | D        | Found a blossoming altar of Fedhas.
   204 | D        | Found an opulent altar of Gozag.
   205 | D        | Found a hazy altar of Hepliaklqana.
   206 | D        | Found a viscous altar of Jiyva.
   207 | D        | Found an ancient bone altar of Kikubaaqudgha.
   208 | D        | Found a corrupted altar of Lugonu.
   209 | D        | Found a burning altar of Makhleb.
   210 | D        | Found a sparkling altar of Nemelex Xobeh.
   211 | D        | Found an iron altar of Okawaru.
   212 | D        | Found a stormy altar of Qazlal.
   213 | D        | Found a sacrificial altar of Ru.
   214 | D        | Found a shimmering blue altar of Sif Muna.
   215 | D        | Found a bloodstained altar of Trog.
   216 | D        | Found a hide-covered altar of Uskayaw.
   217 | D        | Found a radiant altar of Vehumet.
   218 | D        | Found an ornate altar of the Wu Jian Council.
   219 | D        | Found a shimmering altar of Xom.
   220 | D        | Found a basalt altar of Yredelemnul.
   221 | D        | Found a glowing silver altar of Zin.
   222 | D        | Found a glowing golden altar of the Shining One.
   233 | D        | Became a worshipper of Makhleb the Destroyer
   267 | D        | Noticed a bullfrog
   275 | D        | Killed a bullfrog
   275 | D        | Reached skill level 1 in Stealth
   275 | D        | Reached skill level 7 in Unarmed Combat
   275 | D        | Reached XP level 4. HP: 21/28 MP: 0/9
   279 | D        | Reached XP level 5. HP: 25/33 MP: 1/11
   285 | D        | Reached * piety under Makhleb
   285 | D        | Reached skill level 8 in Unarmed Combat
   291 | D        | Reached ** piety under Makhleb
   380 | D        | Learned a level 4 spell: Ice Form
   411 | D        | Noticed a centaur warrior
   411 | D        | Noticed a water moccasin
   411 | D        | Noticed a white ugly thing
   411 | D        | Noticed a centaur warrior
   421 | D        | Killed a centaur warrior
   421 | D        | Reached skill level 11 in Unarmed Combat
   421 | D        | Reached skill level 1 in Poison Magic
   421 | D        | Reached XP level 6. HP: 12/41 MP: 7/15
   421 | D        | Reached XP level 7. HP: 13/45 MP: 7/17
   430 | D        | Killed a red ugly thing
   430 | D        | Reached skill level 5 in Stealth
   430 | D        | Reached skill level 12 in Unarmed Combat
   430 | D        | Reached XP level 8. HP: 17/52 MP: 8/18
   436 | D        | Reached *** piety under Makhleb
   441 | D        | Slain by a centaur warrior

Illustrated notes

Levels and vault maps discovered:
D:        linesprint [early_d, line_temple, items_1, d_10, items_2, lair_1,
          lair_end, items_3, orc_1, orc_end, items_4, d_15, swamp_1, shoals_1,
          snake_1, spider_1, d_20, vaults_1, items_5, swamp_end, shoals_end,
          snake_end, spider_end, vaults_end, d_27, items_6, zot_1, zot_end,
          crypt_end, forest_end, elf_end, slime_end, tomb_end, abyss_end,
          pan_hell_end]

Skill      XL: |  1  2  3  4  5  6  7  8 |
---------------+-------------------------+-----
Dodging        | 3 4 6 |  6.6
Unarmed Combat | 5 7 11 12 | 12.2
Spellcasting   | 3 4 6 7 |  7.3
Transmutations | 3 4 7 8 |  8.0
Stealth        | 1 2 4 5 6 |  6.0
Fighting       | 2 3 |  3.2
Poison Magic   | 1 2 |  2.2

Action                   |  1- 3 |  4- 6 |  7- 9 || total
-------------------------+-------+-------+-------++-------
Melee: Unarmed           |    26 |    22 |    17 ||    65
       Kick              |     9 |       |       ||     9
       Constrict         |     7 |       |       ||     7
       Punch             |     2 |       |     1 ||     3
       Tentacles         |     3 |     1 |     2 ||     6
 Cast: Beastly Appendage |     2 |       |       ||     2
       Spider Form       |     1 |     1 |       ||     2
       Wereblood         |     1 |     1 |       ||     2
  Use: Potion            |     1 |     1 |     2 ||     4
 Stab: Distracted        |     1 |       |       ||     1
       Invisible         |       |       |     4 ||     4
Dodge: Dodged            |    13 |    18 |     9 ||    40

Table legend: (Time is in decaauts)
 A = Elapsed time spent in this place.
 B = Non-inter-level travel time spent in this place.
 C = Inter-level travel time spent in this place.
 D = Time resting spent in this place.
 E = Time spent auto-exploring this place.
 F = Levels seen in this place.
 G = Mean time per level.
                   A        B        C        D        E       F      G
               +--------+--------+--------+--------+--------+-----+--------+
         Total |    430 |    430 |      0 |    262 |      3 |   1 |  430.0 |
       Dungeon |    430 |    430 |      0 |    262 |      3 |   1 |  430.0 |
               +--------+--------+--------+--------+--------+-----+--------+

Top non-repeatable levels by time:
       D: 430 daAuts
